 Dungeon Crawl Stone Soup version 0.22.1-2-g9c5b331 (webtiles) character file.

29029 Yuikono the Basher (level 13, -12/97 HPs)
             Began as a Gargoyle Fighter on Dec 4, 2018.
             Was a High Priest of Zin.
             Mangled by a white ugly thing (27 damage)
             ... on level 14 of the Dungeon on Dec 5, 2018.
             The game lasted 01:02:10 (15421 turns).

Yuikono the Basher (Gargoyle Fighter)              Turns: 15421, Time: 01:02:11

Health: -12/97     AC: 29    Str: 30    XL:     13   Next: 42%
Magic:  18/18      EV:  8    Int:  9    God:    Zin [*****.]
Gold:   774        SH:  5    Dex:  9    Spells: 12/12 levels left

rFire    + . .     SeeInvis .   K - +0 morningstar (flame)
rCold    . . .     Gourm    +   i - +0 buckler {reflect}
rNeg     + . .     Faith    .   A - +0 plate armour
rPois    ∞         Spirit   .   p - +0 helmet
rElec    +         Reflect  +   (no cloak)
rCorr    .         Harm     .   h - +2 pair of gloves
MR       .....                  u - +0 pair of boots
Stlth    ..........             E - amulet of the gourmand
HPRegen  0.26/turn              x - +5 ring of strength
MPRegen  0.16/turn              X - ring of protection from fire

@: reciting
A: mutation resistance 1, negative energy resistance 1, robust 1, electricity
resistance, unbreathing, petrification resistance, rot immunity, subdued magic
1, AC +9
a: Recite, Vitalisation, Imprison, Sanctuary, Donate Gold, Renounce Religion


You were on level 14 of the Dungeon.
You worshipped Zin.
Zin was extremely pleased with you.
You were very full.

You visited 2 branches of the dungeon, and saw 15 of its levels.

You collected 888 gold pieces.
You spent 28 gold pieces at shops.
You donated 86 gold pieces to Zin.

Inventory:

Hand Weapons
 e - a +2 scimitar of flaming
 K - a +0 morningstar of flaming (weapon)
 V - a +2 flail of holy wrath
Missiles
 r - 48 stones
 v - 261 arrows
 O - 99 bolts
 T - 27 tomahawks (quivered)
 Z - 7 tomahawks of returning
Armour
 c - a +0 shield
 h - a +2 pair of gloves (worn)
 i - a +0 buckler of reflection (worn)
 p - a +0 helmet (worn)
 u - a +0 pair of boots (worn)
 A - a +0 plate armour (worn)
Magical Staves
 P - an uncursed staff of wizardry
Jewellery
 j - an uncursed ring of positive energy
 s - an uncursed ring of positive energy
 x - a +5 ring of strength (left hand)
 E - an amulet of the gourmand (around neck)
 G - an uncursed ring of protection from cold
 R - an uncursed ring of see invisible
 X - a ring of protection from fire (right hand)
 Y - an uncursed ring of protection from fire
Wands
 a - a wand of polymorph (8)
 D - a wand of iceblast (8)
 H - a wand of paralysis (13)
 I - a wand of random effects (17)
 L - a wand of flame (18)
 Q - a wand of enslavement (9)
Scrolls
 g - 4 scrolls of enchant armour
 m - 2 scrolls of amnesia {unknown}
 o - a scroll of fog
 q - 3 scrolls of enchant weapon
 w - 2 scrolls of remove curse
 y - 2 scrolls of random uselessness {unknown}
 F - 2 scrolls of vulnerability
 J - a scroll of immolation
 M - a scroll of magic mapping
 U - a scroll of acquirement
Potions
 d - 4 potions of might
 k - 4 potions of curing
 l - a potion of berserk rage
 n - 3 potions of heal wounds
 t - a potion of ambrosia
 z - 2 potions of brilliance
 B - a potion of haste
 C - 2 potions of invisibility
 N - 2 potions of agility
 S - 2 potions of magic
Miscellaneous
 W - a lightning rod (inert)
Comestibles
 f - 22 rations


   Skills:
 - Level 13.7 Fighting
 - Level 14.0 Maces & Flails
 + Level 8.4 Armour
 + Level 8.4 Shields
 + Level 7.4 Invocations


You had 12 spell levels left.
You didn't know any spells.
Your spell library was empty.

Dungeon Overview and Level Annotations

Branches:
Dungeon (14/15)            Temple (1/1) D:7            Lair (0/6) D:9
    Orc (0/2) D:9
 Vaults: D:13-14

Altars:
Ashenzari
Cheibriados
Dithmenos
Elyvilon
Fedhas
Gozag
Hepliaklqana
Kikubaaqudgha
Makhleb
Nemelex Xobeh
Okawaru
Qazlal
Ru
Sif Muna
Trog
Uskayaw
Vehumet
Wu Jian
Xom
Yredelemnul
Zin
The Shining One
Beogh

Shops:
D:4 (   D:5 *   D:12 }

Annotations:
D:3 2 runed doors, Lauz's ghost, amateur MiGl
D:12 Snorg


Innate Abilities, Weirdness & Mutations

You are resistant to torment.
Your stone body is resilient. (AC +9)
You are immune to poison.
You resist negative energy. (rN+)
You are resistant to electric shocks. (rElec)
You can survive without breathing.
You are immune to petrification.
You are immune to rotting.
You are somewhat resistant to further mutation.
You are robust. (+10% HP)
Your spells are a little easier to cast, but a little less powerful.


Message History

You are ready to recite again.
The cyan ugly thing bites you but does no damage.
You bludgeon the cyan ugly thing!! You burn the cyan ugly thing.
You kill the cyan ugly thing!
Zin accepts your kill.
Press: ? - help, v - describe, . - travel, g - get item
Here: a white ugly thing (heavily wounded)
An ugly thing corpse.
The floor, spattered with blood.
Things that are here:
76 poisoned needles; 6 needles of confusion The white ugly thing claws you!
The white ugly thing freezes you!!
* * * LOW HITPOINT WARNING * * *
You see here a +2 ring of intelligence.
You clear your throat and prepare to recite. "Zin looked out upon the remains of the guilty..."
The white ugly thing claws you.
* * * LOW HITPOINT WARNING * * *
The white ugly thing freezes you!!
You die...

## ##.#.###.##.#'#######
# # ..##.#.# #.##.#.#
...#.#.# #
##.#.#.########.##
#.######.#.#.....))....#
#..(.(†....#.#####)....#
############...#.#
#..)..#
#..............#@#
.........
#......######).#u#
....^....# #......##
##.#(# #..........
#.......#### #...#
#.........#
##.........###...#
#.........#
.................#
#.###.#.#..
......#..........#
......#.........>#
......#.....######


You could see a white ugly thing.

Vanquished Creatures
  2 centaur warriors
  4 two-headed ogres
  A tengu warrior (D:12)
  A sixfirhy (D:13)
  4 unseen horrors
  A deep troll (D:9)
  5 ugly things
  A cyclops (D:9)
  A guardian serpent (shapeshifter) (D:14)
  A gargoyle (D:11)
  2 komodo dragons
  An efreet (D:14)
  11 trolls
  2 hornets
  A troll (shapeshifter) (D:13)
  6 slime creatures (D:13)
  2 hippogriffs
  6 wyverns
  17 yaks
  A spriggan (D:8)
  3 basilisks
  A wraith (D:12)
  A hungry ghost (D:8)
  A soldier ant (D:13)
  4 porcupines (D:9)
  A water moccasin (D:7)
  7 ice beasts
  5 sky beasts
  7 orc warriors
  4 black bears
  A hornet zombie (D:13)
  2 phantoms
  2 wolves (D:9)
  6 ogres
  7 centaurs
  5 big kobolds
  3 crocodiles
  Blork the orc (D:6)
  8 bullfrogs
  2 wyvern zombies
  2 scorpions
  9 killer bees
  6 wights
  6 howler monkeys
  2 electric eels (D:9)
  6 crimson imps
  A quasit (D:13)
  3 jellies
  A centaur zombie (D:7)
  2 bullfrog skeletons
  7 orc priests
  4 hounds
  11 orc wizards
  Jessica (D:2)
  4 centaur skeletons
  An iguana (D:6)
  8 worker ants
  A killer bee zombie (D:7)
  A hound zombie (D:6)
  2 hound skeletons
  Robin (D:2)
  3 gnolls (D:5)
  12 adders
  4 shadow imps
  An ooze (D:2)
  An adder zombie (D:6)
  An adder skeleton (D:8)
  4 worms
  3 dart slugs
  5 leopard geckos
  41 orcs
  2 ball pythons (D:1)
  13 giant cockroaches
  13 goblins
  10 hobgoblins
  10 jackals
  6 quokkas
  8 bats
  7 frilled lizards
  A giant cockroach zombie (D:6)
  A jackal zombie (D:5)
  27 kobolds
  A quokka skeleton (D:4)
  A quokka zombie (D:8)
  9 rats
404 creatures vanquished.

Vanquished Creatures (others)
  A cyclops (D:13)
1 creature vanquished.

Grand Total: 405 creatures vanquished

Notes
Turn   | Place    | Note
-------+----------+-------------------------------------------
     0 | D:1      | Yuikono the Gargoyle Fighter began the quest for the Orb.
     0 | D:1      | Reached XP level 1. HP: 14/14 MP: 1/1
    81 | D:1      | Reached XP level 2. HP: 14/19 MP: 2/2
   452 | D:1      | Reached XP level 3. HP: 22/24 MP: 3/3
   716 | D:2      | Noticed Robin
   744 | D:2      | Killed Robin
   827 | D:2      | Reached skill level 3 in Maces & Flails
   827 | D:2      | Reached XP level 4. HP: 28/29 MP: 4/4
   860 | D:2      | Noticed Jessica
   878 | D:2      | Killed Jessica
  1157 | D:2      | Found a blossoming altar of Fedhas.
  1350 | D:2      | Reached XP level 5. HP: 24/34 MP: 5/5
  1750 | D:3      | Found an ornate altar of the Wu Jian Council.
  1849 | D:3      | Reached skill level 5 in Fighting
  1921 | D:3      | Reached skill level 4 in Maces & Flails
  2036 | D:3      | Found a blossoming altar of Fedhas.
  2109 | D:3      | Found a large runed door.
  2109 | D:3      | Found a large runed door.
  2110 | D:3      | Noticed Lauz's ghost (amateur MiGl)
  2652 | D:4      | Found an ancient bone altar of Kikubaaqudgha.
  2955 | D:4      | Reached XP level 6. HP: 40/40 MP: 6/6
  3036 | D:4      | Found Datrusod's Weapon Shoppe.
  3326 | D:5      | Entered Level 5 of the Dungeon
  3346 | D:5      | Noticed an ice beast
  3356 | D:5      | Killed an ice beast
  3379 | D:5      | Found a white marble altar of Elyvilon.
  3413 | D:5      | Reached skill level 5 in Maces & Flails
  3451 | D:5      | Reached XP level 7. HP: 46/47 MP: 7/7
  3866 | D:5      | Found a sparkling altar of Nemelex Xobeh.
  3949 | D:5      | Found Tuzivafi's Assorted Antiques.
  3957 | D:5      | Bought a scroll labeled SUDWUC GYVE for 28 gold pieces
  4355 | D:6      | Reached skill level 6 in Maces & Flails
  4373 | D:6      | Reached XP level 8. HP: 51/53 MP: 8/8
  4379 | D:6      | Found a hazy altar of Hepliaklqana.
  4384 | D:6      | Found a basalt altar of Yredelemnul.
  4444 | D:6      | Found an iron altar of Okawaru.
  4856 | D:6      | Noticed Blork the orc
  4869 | D:6      | Killed Blork the orc
  4869 | D:6      | Reached skill level 7 in Maces & Flails
  5571 | D:7      | Reached skill level 8 in Maces & Flails
  5571 | D:7      | Reached XP level 9. HP: 60/60 MP: 9/9
  5577 | D:7      | Found a radiant altar of Vehumet.
  5733 | D:7      | Found a staircase to the Ecumenical Temple.
  5742 | Temple   | Entered the Ecumenical Temple
  6540 | D:8      | Reached skill level 10 in Fighting
  6540 | D:8      | Reached skill level 9 in Maces & Flails
  7247 | D:8      | Reached XP level 10. HP: 58/68 MP: 10/10
  7299 | D:8      | Reached skill level 10 in Maces & Flails
  7508 | D:8      | Found a glowing silver altar of Zin.
  7808 | D:8      | Became a worshipper of Zin the Law-Giver
  7808 | D:8      | Reached * piety under Zin
  8067 | D:9      | Reached ** piety under Zin
  8078 | D:9      | Noticed a cyclops
  8363 | D:9      | Killed a cyclops
  8526 | D:9      | Found a staircase to the Orcish Mines.
  8538 | D:9      | Found a roughly hewn altar of Beogh.
  8676 | D:9      | Reached skill level 11 in Maces & Flails
  8825 | D:9      | Found a staircase to the Lair.
  8864 | D:9      | Reached XP level 11. HP: 69/76 MP: 11/11
  9088 | D:9      | Noticed a two-headed ogre
  9109 | D:9      | Killed a two-headed ogre
  9109 | D:9      | Reached skill level 12 in Maces & Flails
  9193 | D:9      | Noticed a deep troll
  9197 | D:9      | Killed a deep troll
  9202 | D:9      | Noticed a deep troll
  9908 | D:9      | Found a burning altar of Makhleb.
 10031 | D:10     | Entered Level 10 of the Dungeon
 10060 | D:10     | Killed an unseen horror
 10060 | D:10     | Reached skill level 1 in Invocations
 10545 | D:10     | Gained mutation: You are somewhat resistant to further
                  | mutation. [potion of mutation]
 10545 | D:10     | Gained mutation: Your spells are a little easier to cast,
                  | but a little less powerful. [potion of mutation]
 10545 | D:10     | Gained mutation: You are robust. (+10% HP) [potion of
                  | mutation]
 10842 | D:10     | Noticed a two-headed ogre
 10861 | D:10     | Killed a two-headed ogre
 10861 | D:10     | Reached XP level 12. HP: 59/92 MP: 12/14
 11182 | D:11     | Reached skill level 5 in Armour
 11182 | D:11     | Reached skill level 5 in Shields
 11334 | D:11     | Noticed a centaur warrior
 11357 | D:11     | Reached skill level 13 in Maces & Flails
 11367 | D:11     | Killed a centaur warrior
 12148 | D:11     | Reached *** piety under Zin
 12401 | D:12     | Noticed a tengu warrior
 12409 | D:12     | Killed a tengu warrior
 12656 | D:12     | Reached skill level 5 in Invocations
 12718 | D:12     | Noticed Snorg
 13109 | D:11     | Identified 2 scrolls of acquirement
 13163 | D:12     | Found Musa's Gadget Shop.
 13391 | D:12     | Noticed a two-headed ogre
 13407 | D:12     | Killed a two-headed ogre
 13511 | D:12     | Reached **** piety under Zin
 13865 | D:13     | Noticed a centaur warrior
 13885 | D:13     | Killed a centaur warrior
 14094 | D:13     | Reached XP level 13. HP: 58/97 MP: 17/17
 14814 | D:13     | Found a runed door.
 15365 | D:14     | Reached ***** piety under Zin
 15398 | D:14     | Reached skill level 14 in Maces & Flails
 15421 | D:14     | Mangled by a white ugly thing

Skill      XL: |  1  2  3  4  5  6  7  8  9 10 11 12 13 |
---------------+----------------------------------------+-----
Fighting       | 4 5 6 7 9 10 12 13 | 13.7
Maces & Flails | 3 4 5 6 8 9 11 12 13 14 | 14.0
Invocations    | 2 6 7 |  7.4
Armour         | 4 7 8 |  8.4
Shields        | 4 7 8 |  8.4

Action                   |  1- 3 |  4- 6 |  7- 9 | 10-12 | 13-15 || total
-------------------------+-------+-------+-------+-------+-------++-------
Melee: Flail             |   125 |   271 |   172 |       |       ||   568
       Morningstar       |       |       |   254 |   757 |   152 ||  1163
Throw: Stone             |       |     5 |    14 |    38 |     7 ||    64
       Tomahawk          |       |       |       |       |     2 ||     2
Invok: Recite            |       |       |       |     8 |     4 ||    12
       Imprison          |       |       |       |     1 |       ||     1
Evoke: Lightning rod     |       |       |       |     4 |     3 ||     7
       Wand              |       |       |       |     2 |       ||     2
  Use: Scroll            |       |     2 |     3 |    10 |     1 ||    16
       Potion            |       |       |       |    10 |       ||    10
 Stab: Invisible         |       |       |       |     1 |       ||     1
  Eat: Chunk             |       |     9 |     9 |    24 |    10 ||    52
       Ration            |       |       |     2 |       |       ||     2
Armor: Scale mail        |    78 |   181 |       |       |       ||   259
       Chain mail        |       |    34 |   275 |   366 |       ||   675
       Plate armour      |       |       |       |   167 |   115 ||   282
Dodge: Dodged            |    50 |   116 |   111 |   166 |    44 ||   487
Block: Shield            |    81 |   169 |   223 |   292 |       ||   765
       Buckler           |       |       |       |    35 |    31 ||    66
       Reflection        |       |       |       |     1 |     1 ||     2
